 Dungeon Crawl Stone Soup version 0.29.1-12-g30fa7ad0bf (webtiles) character file.

Game seed: 10868149606644724115

5452 EarthwalkerPL the Fighter (level 10, -14/91 HPs)
             Began as a Minotaur Fighter on Jan 5, 2023.
             Was a Follower of Okawaru.
             Killed from afar by a hellion (39 damage)
             ... with damnation
             ... on level 1 of the Abyss.
             The game lasted 00:19:33 (9699 turns).

EarthwalkerPL the Fighter (Minotaur Fighter)        Turns: 9699, Time: 00:19:36

Health: -14/91     AC: 15    Str: 25    XL:     10   Next: 41%
Magic:  9/9        EV:  9    Int:  5    God:    Okawaru [*.....]
Gold:   387        SH:  6    Dex: 16    Spells: 9/9 levels left

rFire   . . .      SeeInvis .   D - +0 broad axe (protect)
rCold   . . .      Faith    .   c - +0 buckler
rNeg    . . .      Spirit   .   A - +0 plate armour
rPois   .          Reflect  .   (helmet restricted)
rElec   .          Harm     .   (no cloak)
rCorr   .          Rampage  .   G - +0 pair of gloves
Will    .....                   (no boots)
Stlth   ..........              (no amulet)
HPRegen 0.25/turn               u - +6 ring of dexterity
MPRegen 0.11/turn               (no ring)

@: about to teleport
A: horns 2, retaliatory headbutt
a: Renounce Religion, Heroism


You were on level 1 of the Abyss.
You worshipped Okawaru.
Okawaru was aware of your devotion.
You visited 2 branches of the dungeon, and saw 10 of its levels.
You visited the Abyss 1 time.
You also visited: Sewer and Ossuary.

You collected 387 gold pieces.

Inventory:

Hand Weapons
 a - a +0 war axe
 k - the +7 spear "Banuessy" {venom, rElec Str+5}
   (You found it on level 2 of the Dungeon)

   It poisons the flesh of those it strikes.
   Str:       It affects your strength (+5).
   rElec:     It insulates you from electricity.
 D - a +0 broad axe of protection (weapon)
Missiles
 n - 3 atropa-tipped darts
 q - 4 datura-tipped darts
 x - 13 boomerangs (quivered)
 I - a curare-tipped dart
Armour
 b - a +0 scale mail
 c - a +0 buckler (worn)
 A - a +0 plate armour (worn)
 B - +0 steam dragon scales
 G - a +0 pair of gloves (worn)
Jewellery
 u - a +6 ring of dexterity (left hand)
Wands
 C - a wand of flame (4)
Scrolls
 e - a scroll of torment
 g - 5 scrolls of teleportation
 i - 4 scrolls of amnesia
 j - 3 scrolls of fear
 m - a scroll of vulnerability
 o - a scroll of enchant weapon
 p - a scroll of butterflies
 t - 2 scrolls of enchant armour
 v - 6 scrolls of immolation
 y - a scroll of poison
 z - a scroll of silence
 J - a scroll of magic mapping {unknown}
Potions
 d - 4 potions of might
 f - 8 potions of curing
 h - 2 potions of attraction {unknown}
 l - 2 potions of degeneration {unknown}
 r - 3 potions of flight {unknown}
 s - 4 potions of resistance {unknown}
 w - 2 potions of invisibility {unknown}
 E - a potion of mutation {unknown}
 F - a potion of magic {unknown}
 H - a potion of cancellation {unknown}


   Skills:
 * Level 9.3 Fighting
 * Level 8.8(10.2) Axes
 * Level 7.8(9.7) Polearms
 * Level 9.3 Armour
 + Level 5.1 Dodging
 + Level 6.9 Shields


You had 9 spell levels left.
You didn't know any spells.
Your spell library contained the following spells:

 Spells                   Type           Power      Damage    Failure   Level
 Sandblast                Erth           0%         2d4       100%        1
 Passwall                 Tmut/Erth      0%         N/A       100%        2
 Sublimation of Blood     Necr           0%         N/A       100%        2
 Wereblood                Tmut           0%         N/A       100%        2
 Stone Arrow              Conj/Erth      0%         3d7       100%        3
 Storm Form               Tmut/Air       0%         N/A       100%        7
 Maxwell's Capacitive Co  Air            0%         ∞         100%        8
 Summon Lightning Spire   Summ/Air       Unusable   N/A       N/A         4
 Summon Hydra             Summ           Unusable   N/A       N/A         7

Dungeon Overview and Level Annotations

Branches:
Dungeon (9/15)             Temple (1/1) D:5           Sewer (visited)
Ossuary (visited)
   Lair: D:8-11         Orc: D:9-12

Altars:
Ashenzari
Cheibriados
Dithmenos
Elyvilon
Fedhas
Gozag
Kikubaaqudgha
Makhleb
Nemelex Xobeh
Okawaru
Qazlal
Ru
Sif Muna
Trog
Uskayaw
Vehumet
Wu Jian
Xom
Yredelemnul
The Shining One

Annotations:
D:8 2 transporters
D:9 Erolcha


Innate Abilities, Weirdness & Mutations

You have a pair of horns on your head.
You reflexively headbutt those who attack you in melee.


Message History

You headbutt the flying skull.
The glowing orange brain blinks!
You are no longer terrified.
The flying skull hits you but does no damage.
The flying skull attacks as you move away!
You block the flying skull's attack.
A jelly comes into view.
The jelly quivers.
The flying skull hits you.
The flying skull attacks as you move away!
The flying skull barely misses you.
A large abomination comes into view.
The flying skull hits you but does no damage.
You block the jelly's attack. The flying skull hits you.
The jelly attacks as you move away! The jelly hits you but does no damage.
A ynoxinul comes into view.
The ynoxinul bellows!
You hear a roar!
The large abomination hits you!
The flying skull hits you but does no damage.
The ynoxinul hits you.
You enter the shallow water.
Moving in this stuff is going to be slow.
The ynoxinul gestures.
The flying skull hits you.
The flying skull attacks as you move away!
The flying skull barely misses you.
The ynoxinul gestures.
The flying skull hits you!
* * * LOW HITPOINT WARNING * * *
You are suddenly pulled into a different region of the Abyss!
The ufetubus disappears in a puff of smoke! x2
You start resting.
A hellion comes into view.
As you read the scroll of teleportation, it crumbles to dust.
You feel strangely unstable.
You feel the power of the Abyss delaying your translocation!
The hellion gives a hideous shriek!
The hellion gestures at you.
The sphere of damnation explodes!
The damnation engulfs you!!!
You die...

. . . . .. ..# #
. .. # . .. . .#
... .. ## # ...
#.# #....##...
.....
#####.#2...###..
#@.....###.. ..
####..## .... #
## # ##... # .


You could see a hellion.

Vanquished Creatures
  A dire elephant zombie (Abyss:1)
  Maggie (D:7)
  2 trolls (D:9)
  Grinder (D:6)
  A hornet (D:6)
  A wyvern (D:8)
  Eustachio (D:6)
  Menkaure (D:5)
  3 steam dragons
  3 water moccasins
  Pargi (Sewer)
  An orc warrior (D:9)
  3 ogres
  3 ice beasts
  5 centaurs
  2 phantoms
  A kobold brigand (D:8)
  A necrophage (D:5)
  4 scorpions
  A water moccasin zombie (Ossuary)
  6 wights
  6 killer bees (D:9)
  A howler monkey (D:8)
  A hound (D:5)
  2 jellies
  2 orc priests
  A gnoll bouda (D:9)
  An iguana (D:6)
  2 orc wizards
  A hound zombie (D:4)
  2 mummies (Ossuary)
  Robin (D:2)
  9 adders
  8 gnolls
  A river rat (D:4)
  2 ufetubi
  7 adder zombies
  A worm (D:2)
  A dart slug (D:4)
  21 orcs
  6 ball pythons
  10 bats
  8 endoplasms
  2 giant cockroaches
  A gnoll zombie (Ossuary)
  16 goblins
  11 hobgoblins
  16 jackals
  7 quokkas
  8 frilled lizards
  A goblin zombie (D:4)
  8 hobgoblin zombies (Ossuary)
  9 kobolds
  6 kobold zombies (Ossuary)
  6 orc zombies (Ossuary)
  A quokka zombie (D:4)
  11 rats
240 creatures vanquished.

Vanquished Creatures (others)
  A plant (D:6)
1 creature vanquished.

Grand Total: 241 creatures vanquished

Notes
Turn   | Place    | Note
-------+----------+-------------------------------------------
     0 | D:1      | EarthwalkerPL the Minotaur Fighter began the quest for the
                  | Orb.
     0 | D:1      | Reached XP level 1. HP: 19/19 MP: 0/0
    92 | D:1      | Reached XP level 2. HP: 26/27 MP: 1/1
   423 | D:1      | Reached XP level 3. HP: 33/33 MP: 2/2
   429 | D:1      | Found a faded altar of an unknown god.
   783 | D:2      | Reached skill level 1 in Dodging
   787 | D:2      | Reached XP level 4. HP: 17/40 MP: 3/3
  1165 | D:2      | Identified the +7 spear "Banuessy" {venom, rElec Str+5}
  1307 | D:2      | Noticed Robin
  1317 | D:2      | Reached XP level 5. HP: 40/47 MP: 4/4
  1318 | D:2      | Killed Robin
  1698 | D:3      | Found a sacrificial altar of Ru.
  1955 | D:3      | Found a glowing golden altar of the Shining One.
  2293 | D:4      | Reached skill level 1 in Polearms
  2322 | D:4      | Found a glowing drain.
  2328 | Sewer    | Entered a sewer
  2419 | Sewer    | Noticed Pargi
  2429 | Sewer    | Killed Pargi
  2430 | Sewer    | Reached skill level 5 in Fighting
  2430 | Sewer    | Reached skill level 5 in Armour
  2430 | Sewer    | Reached XP level 6. HP: 44/56 MP: 5/5
  2719 | D:4      | Found a sand-covered staircase.
  2726 | Ossuary  | Entered an ossuary
  2995 | D:4      | Found an ancient bone altar of Kikubaaqudgha.
  3024 | D:4      | Reached XP level 7. HP: 51/61 MP: 6/6
  3488 | D:4      | Found a basalt altar of Yredelemnul.
  3547 | D:5      | Entered Level 5 of the Dungeon
  3620 | D:5      | Reached skill level 5 in Axes
  3721 | D:5      | Found a staircase to the Ecumenical Temple.
  3730 | Temple   | Entered the Ecumenical Temple
  3981 | D:5      | Reached skill level 5 in Shields
  4199 | D:5      | Noticed Menkaure
  4206 | D:5      | Killed Menkaure
  4207 | D:5      | Reached XP level 8. HP: 65/71 MP: 7/7
  4858 | D:6      | Noticed a hornet
  4862 | D:6      | Killed a hornet
  4888 | D:6      | Reached skill level 5 in Polearms
  5008 | D:6      | Noticed Eustachio
  5256 | D:6      | Killed Eustachio
  5257 | D:6      | Reached XP level 9. HP: 60/79 MP: 8/8
  5372 | D:6      | Noticed Grinder
  5399 | D:6      | Paralysed by Grinder for 4 turns
  5410 | D:6      | Killed Grinder
  5641 | D:6      | Found a radiant altar of Vehumet.
  6525 | D:7      | Noticed Maggie
  6536 | D:7      | Killed Maggie
  7376 | D:8      | Found a transporter.
  7378 | D:8      | Noticed a kobold demonologist
  7675 | D:8      | Noticed a fire crab
  7681 | D:8      | Found a transporter.
  7944 | D:8      | Found an iron altar of Okawaru.
  7949 | D:8      | Became a worshipper of Warmaster Okawaru
  7980 | D:8      | Reached XP level 10. HP: 77/90 MP: 9/9
  8105 | D:8      | Found a hide-covered altar of Uskayaw.
  9268 | D:9      | Reached skill level 5 in Dodging
  9269 | D:9      | Reached * piety under Okawaru
  9474 | D:9      | Noticed Erolcha
  9497 | Abyss:1  | Found a corrupted altar of Lugonu.
  9497 | Abyss:1  | Cast into level 1 of the Abyss (Erolcha)
  9656 | Abyss:1  | Noticed a large abomination
  9661 | Abyss:1  | Noticed a glowing orange brain
  9699 | Abyss:1  | Killed from afar by a hellion

Illustrated notes

Levels and vault maps discovered:
D:1:      dpeg_arrival_subterranean_lakeside_camping, layout_basic,
          hellmonk_ecumenical_altar_lost_god, nicolae_figureground_pulse
D:2:      layout_loops_ring, uniq_robin
D:3:      layout_basic, lemuel_doored_altar, tso_altar
D:4:      layout_loops_ring, lemuel_zombie_altar_yredelemnul,
          mainiacjoe_overflow_chevrons, enter_ossuary_4, gup_sewer_entry_spiral
D:5:      layout_cave_pods, minmay_temple_entry_overgrown, uniq_menkaure
D:6:      layout_basic, general_overflow_altar, kennysheep_decorative_pillar,
          serial_bayou_pond_e, minmay_misc_feat_square, uniq_grinder,
          uniq_eustachio
D:7:      layout_basic, uniq_maggie
D:8:      gammafunk_wand_slinger, layout_layer_cave,
          nicolae_uskayaw_dance_studio, marbit_many_paths
D:9:      layout_stronghold, uniq_erolcha, uniq_maurice, uniq_erica
Temple:   nicolae_temple_figure_eight
Abyss:1:  base:
D:6

Skill      XL: |  1  2  3  4  5  6  7  8  9 10 |
---------------+-------------------------------+-----
Axes           | 3 4 5 6 8 |  8.8
Fighting       | 4 5 6 7 8 9 |  9.3
Armour         | 4 5 6 7 8 9 |  9.3
Dodging        | 1 2 3 4 5 |  5.1
Shields        | 4 5 6 |  6.9
Polearms       | 1 2 4 5 7 |  7.8

Action                   |  1- 3 |  4- 6 |  7- 9 | 10-12 || total
-------------------------+-------+-------+-------+-------++-------
Melee: War axe           |    80 |    24 |       |       ||   104
       Headbutt          |     8 |    22 |    40 |    18 ||    88
       Spear             |       |   180 |   225 |    19 ||   424
       Unarmed           |       |       |     6 |       ||     6
       Broad axe         |       |       |       |    57 ||    57
  Use: Potion            |     1 |       |       |       ||     1
       Scroll            |       |     6 |     6 |     2 ||    14
Armor: Scale mail        |    41 |    57 |    38 |    17 ||   153
       Skin              |       |       |     1 |       ||     1
       Plate armour      |       |       |       |    37 ||    37
Dodge: Dodged            |    46 |    61 |    76 |    45 ||   228
Block: Buckler           |    28 |    18 |    30 |    22 ||    98
